 Dungeon Crawl Stone Soup version 0.17.1-2-g5865329 (webtiles) character file.

436 hexophile the Ruffian (level 6, -2/58 HPs)
             Began as a Minotaur Monk on Jan 30, 2016.
             Killed by divine providence
             ... invoked by an orc priest
              (12 damage)
             ... on level 6 of the Dungeon.
             The game lasted 00:05:52 (2969 turns).

hexophile the Ruffian (Minotaur Monk)               Turns: 2969, Time: 00:05:52

Health: -2/58      AC:  5    Str: 15    XL:     6   Next: 68%
Magic:  5/5        EV:  7    Int:  9    God:
Gold:   210        SH: 10    Dex: 13    Spells: 1 memorised, 2 levels left

rFire  . . .     SeeInvis .       - Unarmed
rCold  . . .     Clarity  .     d - +0 ring mail
rNeg   . . .     SustAt   .     m - +0 large shield
rPois  .         Gourm    .     (helmet restricted)
rElec  .         Spirit   .     (no cloak)
rCorr  .         Warding  .     (no gloves)
rMut   .         Stasis   .     (no boots)
MR     .....                    (no amulet)
Stlth  +.........               (no ring)
                                (no ring)

@: not resistant to hostile enchantments, very unstealthy
A: retaliatory headbutt, horns 2
a: no special abilities


You were on level 6 of the Dungeon.
You were not hungry.

You visited 1 branch of the dungeon, and saw 5 of its levels.

You collected 210 gold pieces.


Innate Abilities, Weirdness & Mutations

You reflexively headbutt those who attack you in melee.
You have a pair of horns on your head.

Inventory:

Armour
 d - a +0 ring mail (worn)
 m - a +0 large shield (worn)
Scrolls
 b - 2 scrolls of fog {unknown}
 c - a scroll of identify
 g - a scroll of teleportation
 h - 2 scrolls of blinking {unknown}
 j - 2 scrolls of remove curse {unknown}
 k - a scroll of noise {unknown}
 l - a scroll of immolation {unknown}
 n - a scroll of enchant armour {unknown}
 p - a scroll of recharging
Potions
 a - 2 potions of flight
 q - a potion of curing
 u - a potion of berserk rage
Comestibles
 f - a slice of pizza
 i - 4 beef jerkies
 o - a meat ration
 r - a bread ration
 s - 6 chunks of flesh


You had 2 spell levels left.
You knew the following spells:

 Your Spells              Type           Power        Failure   Level  Hunger
a - Spider Form           Trmt/Pois      #.........   100%        3    ####...


   Skills:
 * Level 6.8 Fighting
 - Level 3.2 Dodging
 - Level 1.5 Stealth
 * Level 7.1 Unarmed Combat

Dungeon Overview and Level Annotations

Branches:
Dungeon (6/15)
 Temple: D:4-7

Altars:
Makhleb
Sif Muna

Vault maps used:
D:1:      sevenhm_arrival_forest_fort_small_3, serial_glass, glass_columns_b,
          glass_columns_b
D:2:      nicolae_overflow_crystal_walls
D:3:      lemuel_round_altar
D:6:      serial_shops, nicolae_shop_trees, portal_sewer_entry_d,
          grunt_ministairs_6, uniq_eustachio
You       could see an orc priest.


Message History

You headbutt the orc priest, but do no damage.
You hit the orc priest but do no damage.
The orc priest calls down the wrath of Beogh upon you.
You barely resist. The orc priest hits you with a club.
You lost 2 HP.
You have now: 51/58 HP.
You barely miss the orc priest. Your headbutt misses the orc priest.
You hit the orc priest.
The orc priest is lightly wounded.
The orc priest hits you with a club.
The orc priest invokes the aid of Beogh against you.
Pain shoots through your body!
You lost 17 HP.
You have now: 34/58 HP.
You hit the orc priest.
The orc priest is lightly wounded.
The orc priest hits you with a club.
You lost 3 HP.
You have now: 31/58 HP.
You hit the orc priest but do no damage.
The orc priest is lightly wounded.
The orc priest invokes the aid of Beogh against you.
Something smites you!
* * * LOW HITPOINT WARNING * * *
You lost 11 HP.
You have now: 20/58 HP.
Your shield prevents you from hitting the orc priest.
Your headbutt misses the orc priest.
The orc priest is lightly wounded.
You hit the orc priest.
The orc priest is heavily wounded.
The orc priest miscasts a cantrip.
The orc priest hits you with a club.
* * * LOW HITPOINT WARNING * * *
You lost 3 HP.
You have now: 17/58 HP.
You hit the orc priest.
The orc priest is heavily wounded.
You barely miss the orc priest.
The orc priest is heavily wounded.
The orc priest hits you but does no damage.
You hit the orc priest.
The orc priest is heavily wounded.
The orc priest calls down the wrath of Beogh upon you.
Pain shoots through your body!
* * * LOW HITPOINT WARNING * * *
You lost 8 HP.
You have now: 10/58 HP.
Your shield prevents you from hitting the orc priest.
The orc priest is heavily wounded.
The orc priest hits you but does no damage.
You hit the orc priest.
The orc priest is severely wounded.
The orc priest calls down the wrath of Beogh upon you.
Something smites you!
You die...

Action                   |  1- 3 |  4- 6 || total
-------------------------+-------+-------++-------
Melee: Unarmed           |    53 |   113 ||   166
  Use: Potion            |     1 |     3 ||     4
       Scroll            |       |     4 ||     4
  Eat: Chunk             |     1 |     6 ||     7

Notes
Turn   | Place    | Note
--------------------------------------------------------------
     0 | D:1      | hexophile the Minotaur Monk began the quest for the Orb.
     0 | D:1      | Reached XP level 1. HP: 19/19 MP: 0/0
   419 | D:1      | Reached XP level 2. HP: 27/27 MP: 1/1
   443 | D:1      | Reached skill level 4 in Fighting
   835 | D:2      | Reached skill level 5 in Unarmed Combat
   835 | D:2      | Reached XP level 3. HP: 23/34 MP: 2/2
  1023 | D:2      | Found a deep blue altar of Sif Muna.
  1239 | D:2      | Reached XP level 4. HP: 37/41 MP: 3/3
  1933 | D:3      | Noticed an ice beast
  1942 | D:3      | Killed an ice beast
  1942 | D:3      | Reached skill level 5 in Fighting
  1942 | D:3      | Reached skill level 6 in Unarmed Combat
  1942 | D:3      | Reached XP level 5. HP: 48/48 MP: 4/4
  2006 | D:3      | Found a burning altar of Makhleb.
  2157 | D:3      | Noticed emiel's ghost (amateur OpFi)
  2165 | D:3      | Killed emiel's ghost
  2165 | D:3      | Reached skill level 6 in Fighting
  2580 | D:4      | Reached XP level 6. HP: 53/57 MP: 5/5
  2725 | D:4      | Learned a level 3 spell: Spider Form
  2743 | D:4      | You fall through a shaft for 2 floors!
  2758 | D:6      | Reached skill level 7 in Unarmed Combat
  2969 | D:6      | Killed from afar by an orc priest

Table legend:
 A = Turns spent in this place as a percentage of turns spent in the entire game.
 B = Non-inter-level travel turns spent in this place as a percentage of non-inter-level travel turns spent in the entire game.
 C = Inter-level travel turns spent in this place as a percentage of turns spent in this place.
 D = Turns resting spent in this place as a percentage of non-inter-level travel turns spent in this place.
 E = Turns spent auto-exploring this place as a percentage of non-inter-level travel turns spent in this place.
 F = Non-inter-level travel turns spent in this place divided by the number of levels of this place that you've seen.
                   A       B       C       D       E      F
               +-------+-------+-------+-------+-------+----------------------
         Total | 100.0 | 100.0 |   0.5 |   2.6 |  11.5 | 169.4
       Dungeon | 100.0 | 100.0 |   0.5 |   2.6 |  11.5 | 169.4
               +-------+-------+-------+-------+-------+----------------------

Table legend:
 A = Kills in this place as a percentage of kills in entire the game.
 B = Kills by you in this place as a percentage of kills by you in the entire game.
 C = Kills by friends in this place as a percentage of kills by friends in the entire game.
 D = Other kills in this place as a percentage of other kills in the entire game.
 E = Experience gained in this place as a percentage of experience gained in the entire game.
 F = Experience gained in this place divided by the number of levels of this place that you have seen.
                   A       B       C       D       E      F
               +-------+-------+-------+-------+-------+----------------------
         Total | 100.0 | 100.0 |  -nan |  -nan | 100.0 | 124.6
       Dungeon | 100.0 | 100.0 |  -nan |  -nan | 100.0 | 124.6
               +-------+-------+-------+-------+-------+----------------------

Vanquished Creatures
  A centaur (D:6)
  An ice beast (D:3)
  The ghost of emiel the Shield-Bearer, an amateur OpFi (D:3)
  A hound (D:4)
  An orc priest (D:6)
  A hound skeleton (D:4)
  3 gnolls (D:2)
  3 adders
  An ooze (D:3)
  3 worms
  7 bats
  4 giant cockroaches
  8 goblins
  A hobgoblin (D:1)
  2 ball pythons
  A giant gecko (D:3)
  A giant newt (D:1)
  3 jackals (D:3)
  4 kobolds
  10 rats
57 creatures vanquished.
